| TOP OF THE 1ST |
|
Syracuse Chiefs batting - Pitching for El Paso Chihuahuas : RHP Jorge Guerrero
|
|
Pitching: RHP Jorge Guerrero
|
|
|
Batting: LHB Dillon Gonzalez
|
0-0: Ball 1-0: Ground out 6-3 (Groundball, 56, EV 85.6 MPH)
|
|
Batting: RHB Dusty Ballard
|
0-0: Ball 1-0: Bunted foul 1-1: Ball 2-1: Ball 3-1: Ground out 6-3 (Groundball, 6, EV 90.0 MPH)
|
|
Batting: LHB Jae-ik Soung
|
0-0: Ball 1-0: Ball 2-0: Called Strike 2-1: Ball 3-1: Foul Ball, location: 2F 3-2: Base on Balls
|
|
Batting: LHB Dana McDonald
|
0-0: Called Strike 0-1: Ball 1-1: Ground out 1-3 (Groundball, 13S, EV 66.2 MPH)
|
| Top of the 1st over - 0 runs, 0 hits, 0 errors, 1 left on base; Syracuse 0 - El Paso 0 |
| BOTTOM OF THE 1ST |
|
El Paso Chihuahuas batting - Pitching for Syracuse Chiefs : RHP Jose Barreras
|
|
Pitching: RHP Jose Barreras
|
|
|
Batting: RHB Itsuo Yoshioka
|
0-0: Foul Ball, location: 2F 0-1: Ball 1-1: Foul Ball, location: 2F 1-2: Ball 2-2: Foul Ball, location: 2F 2-2: Fly out, F9 (Flyball, 89M, EV 83.8 MPH)
|
|
Batting: RHB Mike Maserang
|
0-0: Ball 1-0: Ground out 6-3 (Groundball, 6, EV 104.4 MPH)
|
|
Batting: SHB Devin Hottenstein
|
0-0: Ball 1-0: Ground out 4-3 (Groundball, 4, EV 105.6 MPH)
|
| Bottom of the 1st over - 0 runs, 0 hits, 0 errors, 0 left on base; Syracuse 0 - El Paso 0 |
| TOP OF THE 2ND |
|
Syracuse Chiefs batting - Pitching for El Paso Chihuahuas : RHP Jorge Guerrero
|
|
Batting: RHB Nate Dickinson
|
0-0: Ball 1-0: Ball 2-0: Foul Ball, location: 2F 2-1: Ball 3-1: Base on Balls
|
|
Batting: RHB Donovan Auclair
|
0-0: Ball Wild Pitch! Nate Dickinson to second 1-0: Called Strike 1-1: Swinging Strike 1-2: Fly out, F9 (Flyball, 89S, EV 82.5 MPH)
|
|
Batting: RHB Jon Buscher
|
0-0: Swinging Strike 0-1: Foul Ball, location: 2F 0-2: Strikes out looking
|
|
Batting: RHB Niek de Haan
|
0-0: Ball 1-0: Ball 2-0: Called Strike 2-1: Ball 3-1: Swinging Strike 3-2: Ground out 4-3 (Groundball, 34, EV 85.0 MPH)
|
| Top of the 2nd over - 0 runs, 0 hits, 0 errors, 1 left on base; Syracuse 0 - El Paso 0 |
| BOTTOM OF THE 2ND |
|
El Paso Chihuahuas batting - Pitching for Syracuse Chiefs : RHP Jose Barreras
|
|
Batting: RHB Juan Martinez
|
0-0: Ground out 5-3 (Groundball, 56, EV 87.5 MPH)
|
|
Batting: LHB Joseph Martin
|
0-0: Foul Ball, location: 2F 0-1: Foul Ball, location: 2F 0-2: Ball 1-2: Ground out 4-3 (Groundball, 4, EV 103.1 MPH)
|
|
Batting: LHB David Seminario
|
0-0: SINGLE (Groundball, 4MD, EV 96.9 MPH)
|
|
Batting: RHB Kiril Emeshin
|
0-0: Ball 1-0: Fielders Choice at 2nd, 6-4 (Groundball, 6, EV 85.0 MPH)
|
| Bottom of the 2nd over - 0 runs, 1 hit, 0 errors, 1 left on base; Syracuse 0 - El Paso 0 |
| TOP OF THE 3RD |
|
Syracuse Chiefs batting - Pitching for El Paso Chihuahuas : RHP Jorge Guerrero
|
|
Batting: RHB Ke-yue Hong
|
0-0: Ball 1-0: Ball 2-0: Called Strike 2-1: Foul Ball, location: 2F 2-2: Ball 3-2: Strikes out swinging
|
|
Batting: LHB Dillon Gonzalez
|
0-0: Fly out, F8 (Flyball, 8LD, EV 95.6 MPH)
|
|
Batting: RHB Dusty Ballard
|
0-0: Foul Ball, location: 2F 0-1: Ball 1-1: Foul Ball, location: 2F 1-2: Ball 2-2: Strikes out swinging
|
| Top of the 3rd over - 0 runs, 0 hits, 0 errors, 0 left on base; Syracuse 0 - El Paso 0 |
| BOTTOM OF THE 3RD |
|
El Paso Chihuahuas batting - Pitching for Syracuse Chiefs : RHP Jose Barreras
|
|
Batting: LHB Josh Slusarczyk
|
0-0: Ball 1-0: Ball 2-0: Ball 3-0: Base on Balls
|
|
Batting: RHB Danny Bunn
|
0-0: Ball 1-0: Ground out 4-3 (Groundball, 34S, EV 85.0 MPH) Josh Slusarczyk to second
|
|
Batting: RHB Itsuo Yoshioka
|
0-0: Ball 1-0: Ball 2-0: Swinging Strike 2-1: Foul Ball, location: 2F 2-2: Foul Ball, location: 2F 2-2: Ball 3-2: Foul Ball, location: 2F 3-2: Fly out, F6 (Line Drive, 6, EV 67.5 MPH)
|
|
Batting: RHB Mike Maserang
|
0-0: Ball 1-0: Ball Wild Pitch! Josh Slusarczyk to third 2-0: Fly out, F9 (Line Drive, 9, EV 95.6 MPH)
|
| Bottom of the 3rd over - 0 runs, 0 hits, 0 errors, 1 left on base; Syracuse 0 - El Paso 0 |
| TOP OF THE 4TH |
|
Syracuse Chiefs batting - Pitching for El Paso Chihuahuas : RHP Jorge Guerrero
|
|
Batting: LHB Jae-ik Soung
|
0-0: Called Strike 0-1: Called Strike 0-2: Ball 1-2: Strikes out looking
|
|
Batting: LHB Dana McDonald
|
0-0: Ball 1-0: Called Strike 1-1: Swinging Strike 1-2: Foul Ball, location: 2F 1-2: Foul Ball, location: 2F 1-2: Strikes out swinging
|
|
Batting: RHB Nate Dickinson
|
0-0: Ball 1-0: Ball 2-0: Ball 3-0: Base on Balls
|
|
Batting: RHB Donovan Auclair
|
0-0: Called Strike Nate Dickinson steals 2nd base 0-1: Ball 1-1: Called Strike 1-2: Fly out, F8 (Line Drive, 8RS, EV 104.4 MPH)
|
| Top of the 4th over - 0 runs, 0 hits, 0 errors, 1 left on base; Syracuse 0 - El Paso 0 |
| BOTTOM OF THE 4TH |
|
El Paso Chihuahuas batting - Pitching for Syracuse Chiefs : RHP Jose Barreras
|
|
Batting: SHB Devin Hottenstein
|
0-0: Called Strike 0-1: Fly out, F5 (Popup, 5S, EV 72.5 MPH)
|
|
Batting: RHB Juan Martinez
|
0-0: Ball 1-0: Swinging Strike 1-1: Foul Ball, location: 2F 1-2: Fly out, F7 (Flyball, 7, EV 85.6 MPH)
|
|
Batting: LHB Joseph Martin
|
0-0: Ground out 4-3 (Groundball, 4, EV 92.5 MPH)
|
| Bottom of the 4th over - 0 runs, 0 hits, 0 errors, 0 left on base; Syracuse 0 - El Paso 0 |
| TOP OF THE 5TH |
|
Syracuse Chiefs batting - Pitching for El Paso Chihuahuas : RHP Jorge Guerrero
|
|
Batting: RHB Jon Buscher
|
0-0: Called Strike 0-1: SINGLE (Groundball, 5D, EV 98.1 MPH)
|
|
Batting: RHB Niek de Haan
|
0-0: SINGLE (Groundball, 6D, EV 103.1 MPH) Jon Buscher to second
|
|
Batting: RHB Ke-yue Hong
|
0-0: Called Strike 0-1: Ball 1-1: Ball 2-1: Foul Ball, location: 2F 2-2: Strikes out swinging
|
|
Batting: LHB Dillon Gonzalez
|
0-0: Ball 1-0: Swinging Strike 1-1: Foul Ball, location: 2F 1-2: Strikes out swinging
|
|
Batting: RHB Dusty Ballard
|
0-0: Ball 1-0: SINGLE (Groundball, 4MD, EV 98.1 MPH) Jon Buscher to third Niek de Haan to second
|
|
Batting: LHB Jae-ik Soung
|
0-0: Ball 1-0: Ball 2-0: SINGLE (Groundball, 4MD, EV 97.5 MPH) Jon Buscher scores Niek de Haan to third Dusty Ballard to second Runner from 3rd tries for Home, SAFE, throw by CF to home
|
|
Batting: LHB Dana McDonald
|
0-0: Ball 1-0: Called Strike 1-1: SINGLE (Groundball, 6D, EV 98.1 MPH) Dusty Ballard to third Jae-ik Soung to second Runner from 3rd tries for Home, SAFE, throw by CF to home
|
|
Batting: RHB Nate Dickinson
|
0-0: Ball 1-0: Called Strike 1-1: Swinging Strike 1-2: Strikes out swinging
|
| Top of the 5th over - 3 runs, 5 hits, 0 errors, 2 left on base; Syracuse 3 - El Paso 0 |
| BOTTOM OF THE 5TH |
|
El Paso Chihuahuas batting - Pitching for Syracuse Chiefs : RHP Jose Barreras
|
|
Batting: LHB David Seminario
|
0-0: DOUBLE (Line Drive, 89XD, EV 108.8 MPH)
|
|
Batting: RHB Kiril Emeshin
|
0-0: Ball 1-0: Swinging Strike 1-1: Ball 2-1: Foul Ball, location: 2F 2-2: Ball 3-2: Base on Balls
|
|
Batting: LHB Josh Slusarczyk
|
0-0: Ball 1-0: Ball 2-0: Called Strike 2-1: Ball 3-1: Called Strike 3-2: Foul Ball, location: 2F 3-2: Base on Balls David Seminario to third Kiril Emeshin to second
|
|
Batting: RHB Danny Bunn
|
0-0: Swinging Strike 0-1: Ball 1-1: Ball 2-1: Fly out, F7 (Flyball, 78M, EV 88.1 MPH) Runner from 3rd tags up, OUT at HOME! 7-2 Kiril Emeshin to third Josh Slusarczyk to second
|
|
Batting: RHB Itsuo Yoshioka
|
0-0: Foul Ball, location: 2F 0-1: Foul Ball, location: 2F 0-2: Foul Ball, location: 2F 0-2: Ball 1-2: Ball 2-2: Fly out, F4 (Line Drive, 4, EV 62.5 MPH)
|
| Bottom of the 5th over - 0 runs, 1 hit, 0 errors, 2 left on base; Syracuse 3 - El Paso 0 |
| TOP OF THE 6TH |
|
Syracuse Chiefs batting - Pitching for El Paso Chihuahuas : RHP Jorge Guerrero
|
|
Batting: RHB Donovan Auclair
|
0-0: Called Strike 0-1: Ball 1-1: SINGLE (Groundball, 56D, EV 97.5 MPH)
|
|
Batting: RHB Jon Buscher
|
0-0: Swinging Strike 0-1: Ball 1-1: Ball 2-1: Ground out 4-3 (Groundball, 4, EV 87.5 MPH) Donovan Auclair to second
|
|
Batting: RHB Niek de Haan
|
0-0: SINGLE (Line Drive, 4D, EV 96.9 MPH) Donovan Auclair to third Runner from 3rd tries for Home, SAFE, throw by RF to home
|
|
Batting: RHB Ke-yue Hong
|
0-0: Foul Ball, location: 2F 0-1: DOUBLE (Flyball, 8RD, EV 106.9 MPH) Niek de Haan to third Runner from 3rd tries for Home, SAFE, no throw by CF
|
|
Pitching: RHP Jim Canady
|
|
|
Batting: LHB Dillon Gonzalez
|
0-0: Ball 1-0: Called Strike 1-1: Swinging Strike 1-2: Ball 2-2: Foul Ball, location: 2F 2-2: Ball 3-2: SINGLE (Groundball, 56D, EV 95.6 MPH) Ke-yue Hong to third Runner from 3rd tries for Home, SAFE, throw by LF to home
|
|
Now in LF: Adam Martin
|
|
|
Batting: RHB Dusty Ballard
|
0-0: Fielders Choice at 2nd, 1-4 (Groundball, P, EV 75.0 MPH)
|
|
Batting: LHB Jae-ik Soung
|
0-0: Called Strike Dusty Ballard steals 2nd base 0-1: Ball 1-1: Swinging Strike 1-2: Foul Ball, location: 2F 1-2: Strikes out swinging
|
| Top of the 6th over - 3 runs, 4 hits, 0 errors, 1 left on base; Syracuse 6 - El Paso 0 |
| BOTTOM OF THE 6TH |
|
El Paso Chihuahuas batting - Pitching for Syracuse Chiefs : RHP Jose Barreras
|
|
Batting: RHB Mike Maserang
|
0-0: Ball 1-0: Called Strike 1-1: Swinging Strike 1-2: SINGLE (Line Drive, 89S, EV 103.8 MPH)
|
|
Pitching: LHP Jake Richards
|
|
|
Batting: SHB Devin Hottenstein
|
0-0: Called Strike 0-1: Ball 1-1: Ball 2-1: Ball 3-1: Called Strike 3-2: Fly out, F7 (Line Drive, 7, EV 90.6 MPH)
|
|
Batting: RHB Juan Martinez
|
0-0: Swinging Strike 0-1: Fielders Choice at 2nd, 6-4 (Groundball, 6, EV 92.5 MPH)
|
|
Batting: LHB Joseph Martin
|
0-0: Ball 1-0: Ball 2-0: Foul Ball, location: 2F 2-1: Called Strike 2-2: Ball 3-2: SINGLE (Groundball, 6MS, EV 61.2 MPH) (infield hit) Juan Martinez to second
|
|
Batting: SHB Adam Martin
|
0-0: Ball 1-0: Foul Ball, location: 2F 1-1: Ball 2-1: Swinging Strike 2-2: Ball 3-2: Foul Ball, location: 2F 3-2: Base on Balls Juan Martinez to third Joseph Martin to second
|
|
Batting: RHB Kiril Emeshin
|
0-0: Foul Ball, location: 2F 0-1: Ball 1-1: Ball 2-1: Fly out, F8 (Flyball, 8RM, EV 80.0 MPH)
|
| Bottom of the 6th over - 0 runs, 2 hits, 0 errors, 3 left on base; Syracuse 6 - El Paso 0 |
| TOP OF THE 7TH |
|
Syracuse Chiefs batting - Pitching for El Paso Chihuahuas : RHP Jim Canady
|
|
Batting: LHB Dana McDonald
|
0-0: Ball 1-0: SINGLE (Flyball, 3D, EV 97.5 MPH)
|
|
Batting: RHB Nate Dickinson
|
0-0: Foul Ball, location: 2F 0-1: Called Strike 0-2: Fielders Choice at 2nd, 6-4 (Groundball, 6, EV 95.6 MPH)
|
|
Batting: RHB Donovan Auclair
|
0-0: Called Strike 0-1: Foul Ball, location: 2F 0-2: Ball 1-2: Ball 2-2: Ball 3-2: Strikes out swinging
|
|
Batting: RHB Jon Buscher
|
0-0: Called Strike 0-1: SINGLE (Groundball, 4M, EV 102.5 MPH) Nate Dickinson to second Runner from 2nd tries for 3rd, SAFE, throw by CF made to third
|
|
Batting: RHB Niek de Haan
|
0-0: Ball 1-0: Ball 2-0: Ball 3-0: Called Strike 3-1: Foul Ball, location: 2F 3-2: Base on Balls Jon Buscher to second
|
|
Batting: RHB Ke-yue Hong
|
0-0: Ball 1-0: Ball 2-0: Foul Ball, location: 2F 2-1: Swinging Strike 2-2: Foul Ball, location: 2F 2-2: Strikes out swinging
|
| Top of the 7th over - 0 runs, 2 hits, 0 errors, 3 left on base; Syracuse 6 - El Paso 0 |
| BOTTOM OF THE 7TH |
|
El Paso Chihuahuas batting - Pitching for Syracuse Chiefs : LHP Jake Richards
|
|
Batting: LHB Josh Slusarczyk
|
0-0: Foul Ball, location: 2F 0-1: Called Strike 0-2: Foul Ball, location: 2F 0-2: Foul Ball, location: 2F 0-2: Ball 1-2: Foul Ball, location: 2F 1-2: Ground out U3 (Groundball, 34, EV 100.6 MPH)
|
|
Batting: RHB Danny Bunn
|
0-0: Ball 1-0: Fly out, F9 (Flyball, 9LSF, EV 87.5 MPH)
|
|
Pitching: LHP James Knapp
|
|
|
Batting: RHB Itsuo Yoshioka
|
0-0: Called Strike 0-1: Ball 1-1: Foul Ball, location: 2F 1-2: Strikes out swinging
|
| Bottom of the 7th over - 0 runs, 0 hits, 0 errors, 0 left on base; Syracuse 6 - El Paso 0 |
| TOP OF THE 8TH |
|
Syracuse Chiefs batting - Pitching for El Paso Chihuahuas : RHP Jim Canady
|
|
Pitching: RHP Brandon Hendrix
|
|
|
Batting: LHB Dillon Gonzalez
|
0-0: Ball 1-0: Fly out, F3 (Line Drive, 4, EV 65.0 MPH)
|
|
Batting: RHB Dusty Ballard
|
0-0: Called Strike 0-1: Ball 1-1: Ball 2-1: Swinging Strike 2-2: Foul Ball, location: 2F 2-2: Foul Ball, location: 2F 2-2: Ground out 3-1 (Groundball, 34S, EV 87.5 MPH)
|
|
Batting: LHB Jae-ik Soung
|
0-0: Called Strike 0-1: Ball 1-1: Fly out, F7 (Flyball, 7, EV 90.6 MPH)
|
| Top of the 8th over - 0 runs, 0 hits, 0 errors, 0 left on base; Syracuse 6 - El Paso 0 |
| BOTTOM OF THE 8TH |
|
El Paso Chihuahuas batting - Pitching for Syracuse Chiefs : LHP James Knapp
|
|
Batting: RHB Mike Maserang
|
0-0: Fly out, F9 (Flyball, 9, EV 87.5 MPH)
|
|
Batting: SHB Devin Hottenstein
|
0-0: Called Strike 0-1: Ball 1-1: Swinging Strike 1-2: Ball 2-2: Strikes out swinging
|
|
Batting: RHB Juan Martinez
|
0-0: Foul Ball, location: 2F 0-1: Ball 1-1: Swinging Strike 1-2: Ball 2-2: Ball 3-2: SINGLE (Line Drive, 89S, EV 106.2 MPH)
|
|
Batting: LHB Joseph Martin
|
0-0: Swinging Strike 0-1: Ball 1-1: Called Strike 1-2: Strikes out swinging
|
| Bottom of the 8th over - 0 runs, 1 hit, 0 errors, 1 left on base; Syracuse 6 - El Paso 0 |
| TOP OF THE 9TH |
|
Syracuse Chiefs batting - Pitching for El Paso Chihuahuas : RHP Brandon Hendrix
|
|
Pitching: RHP Sean Rice
|
|
|
Batting: LHB Dana McDonald
|
0-0: Called Strike 0-1: Called Strike 0-2: Ball 1-2: Strikes out swinging
|
|
Batting: RHB Nate Dickinson
|
0-0: Ball 1-0: Ball 2-0: Swinging Strike 2-1: Foul Ball, location: 2F 2-2: Ball 3-2: Strikes out looking
|
|
Batting: RHB Donovan Auclair
|
0-0: Called Strike 0-1: Swinging Strike 0-2: Strikes out swinging
|
| Top of the 9th over - 0 runs, 0 hits, 0 errors, 0 left on base; Syracuse 6 - El Paso 0 |
| BOTTOM OF THE 9TH |
|
El Paso Chihuahuas batting - Pitching for Syracuse Chiefs : LHP James Knapp
|
|
Pitching: RHP Johnny Marquez
|
|
|
Batting: SHB Adam Martin
|
0-0: Foul Ball, location: 2F 0-1: Called Strike 0-2: Ball 1-2: Ball 2-2: Strikes out swinging
|
|
Batting: RHB Kiril Emeshin
|
0-0: Swinging Strike 0-1: Ball 1-1: Swinging Strike 1-2: Ball 2-2: Ground out 6-3 (Groundball, 56, EV 100.0 MPH)
|
|
Batting: LHB Josh Slusarczyk
|
0-0: Ball 1-0: Swinging Strike 1-1: Foul Ball, location: 2F 1-2: Ball 2-2: SINGLE (Groundball, 4MD, EV 97.5 MPH)
|
|
Batting: RHB Danny Bunn
|
0-0: Foul Ball, location: 2F 0-1: Ball 1-1: Ball 2-1: Ball 3-1: 2-RUN HOME RUN (Line Drive, 7D, EV 102.5 MPH), Distance : 389 ft
|
|
Pitching: LHP Mike Alcaraz
|
|
|
Batting: RHB Itsuo Yoshioka
|
0-0: Foul Ball, location: 2F 0-1: SINGLE (Groundball, 34D, EV 96.2 MPH)
|
|
Batting: RHB Mike Maserang
|
0-0: Ball 1-0: Ball 2-0: Ball 3-0: Base on Balls Itsuo Yoshioka to second
|
|
Batting: SHB Devin Hottenstein
|
0-0: Called Strike 0-1: Swinging Strike 0-2: Strikes out swinging
|
| Bottom of the 9th over - 2 runs, 3 hits, 0 errors, 2 left on base; Syracuse 6 - El Paso 2 |
|